 Dungeon Crawl Stone Soup version 0.27.0-1-g7a089689b8 (webtiles) character file.

Game seed: 7543926073058401019

0 mhtbhm the Sneak (level 1, -3/10 HPs)
             Began as a Tengu Enchanter on Aug 8, 2021.
             Slain by a kobold (4 damage)
             ... on level 1 of the Dungeon.
             The game lasted 00:00:15 (22 turns).

mhtbhm the Sneak (Tengu Enchanter)                    Turns: 22, Time: 00:00:15

Health: -3/10      AC:  2    Str:  8    XL:     1   Next: 10%
Magic:  2/4        EV: 12    Int: 15    God:
Gold:   0          SH:  0    Dex: 14    Spells: 3/4 levels left

rFire    . . .     SeeInvis .   a - +1 dagger
rCold    . . .     Faith    .   (no shield)
rNeg     . . .     Spirit   .   b - +0 robe
rPois    .         Reflect  .   (helmet restricted)
rElec    .         Harm     .   (no cloak)
rCorr    .         Rampage  .   (no gloves)
Will     .....                  (boots unavailable)
Stlth    ++........             (no amulet)
HPRegen  0.03/turn              (no ring)
MPRegen  0.09/turn              (no ring)

@: no status effects
A: beak, talons 3
a: no special abilities


You were on level 1 of the Dungeon.
You visited 1 branch of the dungeon, and saw 1 of its levels.

Inventory:

Hand Weapons
 a - a +1 dagger (weapon)
Armour
 b - a +0 robe (worn)


   Skills:
 + Level 1.1 Short Blades
 + Level 2.2 Dodging
 + Level 3.0 Stealth
 + Level 2.0 Spellcasting
 + Level 2.2 Hexes


You had 3 spell levels left.
You knew the following spells:

 Your Spells              Type           Power      Damage    Failure   Level
a - Corona                Hex            8%         N/A       9%          1

Your spell library contained the following spells:

 Spells                   Type           Power      Damage    Failure   Level
 Ensorcelled Hibernation  Hex/Ice        8%         N/A       22%         2
 Confusing Touch          Hex            8%         N/A       26%         3
 Tukima's Dance           Hex            8%         N/A       26%         3
 Dazzling Flash           Conj/Hex       8%         N/A       38%         3


Dungeon Overview and Level Annotations

Branches:
Dungeon (1/15)

Altars:


Innate Abilities, Weirdness & Mutations

You have a beak for a mouth.
You have claws for feet.


Message History

You are too injured to fight recklessly!
You are too injured to fight recklessly!
Sorry, you're not good enough to have a special ability.
Sorry, you're not good enough to have a special ability.
The kobold throws a stone.
The stone closely misses you.
Aiming: Corona (safe; 9% risk of failure)
Press: ? - help, Q - select action Shift-Dir - straight line, f - rat
Aim: a rat (chance to affect: 61%)
The rat is outlined in light.
The rat misses you.
Aiming: Corona (safe; 9% risk of failure)
Press: ? - help, Q - select action Shift-Dir - straight line, f/p - rat
Aim: a rat (softly glowing, chance to affect: 61%)
Okay, then.
Aiming: Corona (safe; 9% risk of failure)
Press: ? - help, Q - select action Shift-Dir - straight line, f - kobold, p - rat
Aim: a kobold, wielding a +0 club and quivering stones (moderately wounded, chance to affect: 61%)
Okay, then.
You are too injured to fight recklessly!
You hit the rat.
The rat is heavily wounded.
The kobold barely misses you. The rat closely misses you.
You hit the rat.
You kill the rat!
The kobold hits you but does no damage. The kobold misses you.
You see here a rat corpse.
Sorry, you're not good enough to have a special ability.
Sorry, you're not good enough to have a special ability.
Casting: Corona (safe; 9% risk of failure)
Confirm with . or Enter, or press ? or * to list all spells.
Aiming: Corona (safe; 9% risk of failure)
Press: ? - help, Shift-Dir - straight line, f - kobold
Aim: a kobold, wielding a +0 club and quivering stones (moderately wounded, chance to affect: 61%)
The kobold is outlined in light.
The kobold hits you with a +0 club.
* * * LOW HITPOINT WARNING * * *
You barely miss the kobold. Your kick misses the kobold.
The kobold is moderately wounded.
The kobold hits you with a +0 club.
You die...

######## ........
........
#######.......
#....K........
#?...@...# #........#
#........#
#........#########
#.................
............♣♣♣♣♣♣♣♣♣
............♣..PP..PP♣
............♣...P..PP♣
...........♣P...PP..♣


You could see a kobold (corona).

Vanquished Creatures
  A rat (D:1)
1 creature vanquished.

Notes
Turn   | Place    | Note
-------+----------+-------------------------------------------
     0 | D:1      | mhtbhm the Tengu Enchanter began the quest for the Orb.
     0 | D:1      | Reached XP level 1. HP: 10/10 MP: 4/4
    22 | D:1      | Slain by a kobold

Illustrated notes

Levels and vault maps discovered:
D:1:      scummos_arrival_checkerplants, layout_basic

Action                   || total
-------------------------++-------
Melee: Dagger            ||     8
       Peck              ||     1
 Cast: Corona            ||     2
Armor: Robe              ||     3
Dodge: Dodged            ||     8
